 Dungeon Crawl Stone Soup version 0.30-a0-46-g5a63ccc183 (webtiles) character file.

Game seed: 10596606001512610646

140479 ytrimaz the Fighter (level 17, -3/166 HPs)
             Began as an Octopode Transmuter on Sept 1, 2022.
             Was a Believer of Ashenzari.
             Killed from afar by Nikola (51 damage)
             ... with an arc of chain lightning
             ... on level 1 of the Swamp on Sept 2, 2022.
             The game lasted 00:48:15 (35551 turns).

ytrimaz the Fighter (Octopode Transmuter)          Turns: 35551, Time: 00:48:15

Health: -3/166     AC: 18    Str: 11      XL:     17   Next: 1%
Magic:  31/36      EV: 24    Int: 25      God:    Ashenzari [**....]
Gold:   1200       SH:  0    Dex: 10 (11) Spells: 17/47 levels left

rFire   . . .      SeeInvis +      - Unarmed
rCold   + + +      Faith    .    (shield currently unavailable)
rNeg    + . .      Spirit   .    (helmet currently unavailable)
rPois   ∞          Reflect  .    O - amulet of regeneration {@e2}
rElec   +          Harm     .    g - ring of Curses and Power {rC+, Comp, Melee} (curse)
rCorr   .          Rampage  .    o - ring of the Wild Blue Yonder {rN+, Evo, Bglg} (curse)
Will    +....                    B - ring "Lashed Suspicion" {rPois, Self, Elem} (curse)
Stlth   +.........               J - ring "Lashed Sorrow" {Wiz, Comp, Elem} (curse)
HPRegen 1.17/turn                E - ring "Share My Activism" {Wiz rC++, Cun, Melee} (curse)
MPRegen 0.25/turn                S - ring of wizardry
                                 (no ring)
                                 (no ring)

@: storm-form, flying
A: cleaving, insubstantial, flying, almost no armour, amphibious, 8 rings,
(camouflage 1), (gelatinous body 1), (nimble swimmer 1), (tentacles), clever 1,
robust 3, wild magic 1
}: 1/15 runes: gossamer
a: Blinkbolt, End Transformation, Renounce Religion, Curse Item, Shatter the
Chains


You were on level 1 of the Swamp.
You worshipped Ashenzari.
Ashenzari was pleased with you.
You were a lightning-filled tempest!
You visited 6 branches of the dungeon, and saw 25 of its levels.

You collected 2588 gold pieces.
You spent 1388 gold pieces at shops.


Innate Abilities, Weirdness & Mutations

You are a lightning-filled tempest!
Your electrical attacks strike out in all directions at once.
You are incredibly evasive.
Your insubstantial body is immune to petrification, constriction, and being set on fire You are flying.
You are immune to poison.
Your armour is entirely melded.
You are incapable of wielding weapons or throwing items.
You cannot wear most types of armour.
You are amphibious.
You can wear up to eight rings at the same time.
((Your skin changes colour to match your surroundings (Stealth+).))
((Your rubbery body absorbs attacks. (AC +1, EV +1)))
((You are camouflaged when in or above water. (Stealth+)))
((You have tentacles for arms and can constrict up to eight enemies at once.))
Your mind is acute. (Int +4, Str/Dex -1)
You are extremely robust. (+30% HP)
Your spells are a little harder to cast, but a little more powerful.


   Skills:
 - Level 14.6(15.7) Fighting
 + Level 11.6(12.8) Dodging
 - Level 11.6(13.4) Unarmed Combat
 + Level 14.5(15.7) Spellcasting
 - Level 9.1 Transmutations
 - Level 5.0(6.8) Ice Magic
 - Level 14.2(16.0) Air Magic
 - Level 4.0 Poison Magic


You had 17 spell levels left.
You knew the following spells:

 Your Spells              Type           Power      Damage    Failure   Level
a - Storm Form            Tmut/Air       41%        N/A       4%          7
b - Wereblood             Tmut           71%        N/A       1%          2
c - Dragon Form           Tmut           35%        N/A       13%         7
d - Manifold Assault      Tloc           26%        N/A       17%         5
f - Ice Form              Ice/Tmut       67%        N/A       1%          4
h - Irradiate             Conj/Tmut      27%        3d20      3%          5

Your spell library contained the following spells:

 Spells                   Type           Power      Damage    Failure   Level
 Beastly Appendage        Tmut           100%       N/A       1%          1
 Freeze                   Ice            100%       1d11      1%          1
 Slow                     Hex            100%       N/A       1%          1
 Summon Small Mammal      Summ           100%       N/A       1%          1
 Blink                    Tloc           52%        N/A       1%          2
 Frozen Ramparts          Ice            100%       1d16      1%          3
 Ignite Poison            Fire/Tmut/Pois 53%        N/A       1%          3
 Mephitic Cloud           Conj/Pois/Air  62%        N/A       1%          3
 Spider Form              Tmut/Pois      62%        N/A       1%          3
 Hailstorm                Conj/Ice       48%        3d11      1%          4
 Blade Hands              Tmut           35%        N/A       1%          5
 Freezing Cloud           Conj/Ice/Air   33%        6-21      1%          5
 Call Canine Familiar     Summ           27%        N/A       2%          3
 Confusing Touch          Hex            26%        N/A       2%          3
 Gell's Gravitas          Tloc           26%        N/A       2%          3
 Summon Guardian Golem    Hex/Summ       26%        N/A       2%          3
 Teleport Other           Tloc           26%        N/A       2%          3
 Vampiric Draining        Necr           27%        2d7       2%          3
 Iron Shot                Conj/Erth      13%        9d3       58%         6
 Dispersal                Tloc           13%        N/A       61%         6
 Orb of Destruction       Conj           13%        9d7       98%         7
 Spellforged Servitor     Conj/Summ      13%        N/A       98%         7
 Animate Armour           Summ/Erth      Unusable   N/A       N/A         4

Inventory:

Missiles
 b - 205 stones {throwing}
 s - 5 javelins {throwing}
 F - 9 poisoned darts {throwing}
 G - 2 throwing nets {=f!fthrowing}
 M - 6 boomerangs {throwing}
 P - 3 curare-tipped darts {=fthrowing}
Magical Staves
 t - a staff of cold {!astaff}
   (You found it on level 3 of the Lair of Beasts)
 L - a staff of earth {!astaff}
   (You found it on level 1 of the Spider Nest)
 R - a staff of poison {!astaff}
   (You took it off Arachne on level 2 of the Spider Nest)
Jewellery
 g - the cursed ring of Curses and Power (left tentacle) {rC+, Comp, Melee}
   (You found it on level 2 of the Dungeon)

   [ring of protection from cold]

   rC:        It protects you from cold.
   It has a curse which improves the following skills: Companions: Summonings
   and Necromancy.
   Melee Combat: Short Blades, Long Blades, Axes, Maces & Flails, Polearms,
   Staves and Unarmed Combat.
 o - the cursed ring of the Wild Blue Yonder (right tentacle) {rN+, Evo, Bglg}
   (You found it on level 5 of the Dungeon)

   [ring of positive energy]

   rN:        It protects you from negative energy.
   It has a curse which improves the following skills: Evocations: Evocations.
   Beguiling: Conjurations, Hexes and Translocations.
 B - the cursed ring "Lashed Suspicion" (on tentacle) {rPois, Self, Elem}
   (You found it on level 9 of the Dungeon)

   [ring of poison resistance]

   rPois:     It protects you from poison.
   It has a curse which improves the following skills: Introspection: Fighting
   and Spellcasting.
   Elements:  Fire Magic, Ice Magic, Air Magic and Earth Magic.
 E - the cursed ring "Share My Activism" (on tentacle) {Wiz rC++, Cun, Melee}
   (You found it on level 4 of the Lair of Beasts)

   [ring of wizardry]

   It improves your spell success rate.
   rC:        It greatly protects you from cold.
   It has a curse which improves the following skills: Cunning: Dodging and
   Stealth.
   Melee Combat: Short Blades, Long Blades, Axes, Maces & Flails, Polearms,
   Staves and Unarmed Combat.
 J - the cursed ring "Lashed Sorrow" (on tentacle) {Wiz, Comp, Elem}
   (You found it on level 3 of the Lair of Beasts)

   [ring of wizardry]

   It improves your spell success rate.
   It has a curse which improves the following skills: Companions: Summonings
   and Necromancy.
   Elements:  Fire Magic, Ice Magic, Air Magic and Earth Magic.
 O - an amulet of regeneration (around neck) {@e2}
   (You bought it in a shop on level 2 of the Orcish Mines)
 S - a ring of wizardry (on tentacle)
   (You took it off Arachne on level 2 of the Spider Nest)
Wands
 e - a wand of acid (24)
   (You found it on level 2 of the Dungeon)
 k - a wand of flame (35)
   (You found it on level 8 of the Dungeon)
 x - a wand of charming (32)
   (You found it on level 8 of the Dungeon)
 C - a wand of iceblast (3)
   (You took it off Lodul on level 10 of the Dungeon)
 N - a wand of digging (6)
   (You found it on level 5 of the Lair of Beasts)
Scrolls
 f - 5 scrolls of poison {!r}
 h - 6 scrolls of teleportation {@r4}
 i - 8 scrolls of identify {@r1}
 j - 4 scrolls of immolation {!r!r}
 m - a scroll of enchant armour
 n - 2 scrolls of fear
 r - 5 scrolls of magic mapping {!r}
 u - 2 scrolls of butterflies
 v - a scroll of brand weapon
 w - 3 scrolls of vulnerability {!r!r}
 y - a scroll of blinking {!r}
 A - 3 scrolls of silence {!r}
 Q - a scroll of summoning
 U - a scroll of enchant weapon
Potions
 a - 4 potions of attraction {!q}
 c - a potion of mutation {!q}
 d - 3 potions of brilliance
 l - 6 potions of ambrosia
 p - 4 potions of lignification {!q}
 q - 10 potions of curing {@q1}
 z - a potion of might
 I - a potion of magic
 V - 2 potions of haste {@q3}
Miscellaneous
 D - a phantom mirror
   (You found it on level 2 of the Lair of Beasts)
 H - a box of beasts
   (You found it on level 1 of the Lair of Beasts)
 K - a condenser vane
   (You found it on level 2 of the Lair of Beasts)

Dungeon Overview and Level Annotations

Branches:
Dungeon (12/15) Zot: 26125  Temple (1/1) D:5 Zot: 5944    Lair (5/5) D:11 Zot: 19250
  Swamp (1/4) Lair:3 Zot: 5759  Spider (4/4) Lair:2 Zot: 19170   Slime (0/5) Lair:5
    Orc (2/2) D:10 Zot: 10309     Elf (0/3) Orc:2

Altars:
Ashenzari
Cheibriados
Dithmenos
Elyvilon
Fedhas
Gozag
Hepliaklqana
Kikubaaqudgha
Makhleb
Nemelex Xobeh
Okawaru
Qazlal
Ru
Sif Muna
Trog
Uskayaw
Vehumet
Wu Jian
Xom
Yredelemnul
Zin
The Shining One

Shops:
D:5 (***   D:6 *   Orc:2 [(((=!!

Annotations:
D:7 Maggie
D:8 Amaemon
D:11 Erolcha
Lair:2 exclusion: oklob plant
Swamp:1 Nikola

♣♣♣♣......~. * ~*
♣♣..~..~~.~♣. ,
♣~....~~~~~♣. * *
♣♣♣♣♣♣.~~..~~~~.♣. *
♣~..♣.......~~~.~. ~ , .
,, ♣♣.....~♣♣♣♣♣~~~... ~
~~.♣♣♣§~....♣♣ ♣......
..........§.~♣♣ ~~..~♣♣
, ,
y.....@v..~.........♣♣♣
, *
#####.##..~~~.~~~~...♣♣♣
,* #. #...~~~~~~~§...~♣
~~ ,..
,....~~~..~~~.~~.. > ..
....♣...♣♣♣♣..~~~~ .#
*.#..$.♣♣♣♣ ~~~.~~~ , ,
.#..♣♣ ~.~..~~ , ..♣
...~~.. ** * .~...♣♣


You could see Nikola and a vampire mosquito.


Message History

😕 HP[+8] MP[+1]
You now have 166 max hp (+7).
You regained 8 hp, and now have 158/166 hp.
Your mp is fully restored (36).
Things that are here:
+0 swamp dragon scales; a swamp dragon corpse A swamp dragon comes into view.
The swamp dragon roars deafeningly! 😎 HP[+8]
Your hp is fully restored (166).
Unknown command.
A swamp dragon is nearby!
Unknown command.
Unknown command.
The swamp dragon completely misses you. The swamp dragon misses you.
The swamp dragon closely misses you.
You blast the swamp dragon!!!
You punch the swamp dragon, but do no damage.
The swamp dragon breathes poison at you.
The blast of poison engulfs you but does no damage.
You resist.
You batter the swamp dragon!!
You kill the swamp dragon!
The +0 swamp dragon scales are intact enough to wear.
Things that are here:
+0 swamp dragon scales; a swamp dragon corpse No target in view!
Unknown command.
q - 10 potions of curing {@q1} (gained 1)
You now have 1200 gold pieces (gained 13).
b - 205 stones {throwing} (gained 1)
Your transformation is almost over.
You see here a potion of degeneration {!q@e2}.
Key pressed, stopping explore.
Your transformation has ended.
You see here a +0 quarterstaff {staff}.
Key pressed, stopping explore.
Nikola the Mad Inventor comes into view.
He is wielding a +1 rapier of electrocution and wearing a +2 cloak of stealth.
Nikola shouts!
Nikola says, "There's a spark of magic in your eyes."
Nikola mumbles some strange words.
Lightning arcs from Nikola's hands!
Casting: Storm Form (dangerous; 4% risk of failure)
Confirm with . or Enter, or press ? or * to list all spells.
You turn into a lightning-filled tempest! 😎 MP[-7]
You lost 7 mp, and now have 29/36 mp.
Unknown command.
Nikola casts a spell.
Lightning arcs from Nikola's hands!
The bolt of lightning hits you! You resist. 😕 HP[-11]
You take 11 damage, and now have 155/166 hp. 😕 HP[+1] 😕 HP[+1] MP[+1]
You blast Nikola!!!
Lightning courses through Nikola!
Nikola hits you but does no damage. 😕 HP[+1]
You batter Nikola!!
Nikola hits you but does no damage. 😕 HP[+1]
You completely miss Nikola.
Nikola gestures wildly while chanting.
Lightning arcs from Nikola's hands!
The bolt of lightning hits you!!!! You resist.
* * * LOW HITPOINT WARNING * * *
A bolt of lightning appears from out of thin air!
The bolt of lightning hits Nikola.
You hear an angry buzzing noise.
You hear a chilling moan.
Unknown command.
You hit Nikola.
Nikola hits you with a +1 rapier of electrocution!
* * * LOW HITPOINT WARNING * * *
😨 HP[-91]
You take 91 damage, and now have 68/166 hp.
MASSIVE DAMAGE!! (PAUSE)
You blast Nikola!!! 😨 HP[+1] MP[+1] Unknown command.
You completely miss Nikola. You punch Nikola, but do no damage.
Nikola warns, "If you see one of my golems, approach with caution, they bite."
Nikola casts a spell.
Lightning arcs from Nikola's hands!
The bolt of lightning hits you!!! You resist.
* * * LOW HITPOINT WARNING * * *
A bolt of lightning appears from out of thin air!
The bolt of lightning hits Nikola!
Unknown command. 😱 HP[-42]
You take 42 damage, and now have 27/166 hp.
MASSIVE DAMAGE!! (PAUSE)
You feel much better. Nikola misses you. 😨 HP[+20]
You regained 20 hp, and now have 47/166 hp.
Unknown command.
You barely miss Nikola.
A vampire mosquito comes into view.
Nikola mumbles, "Hm, I wonder if you're conductive."
Nikola mumbles some strange words.
Lightning arcs from Nikola's hands!
The bolt of lightning hits you!!! You resist.
You die...

Skill      XL: |  1  2  3  4  5  6  7  8  9 10 11 12 13 14 15 16 |
---------------+-------------------------------------------------+-----
Unarmed Combat | 4 6 9 11 | 11.6
Poison Magic   | 1 2 3 4 |  4.0
Transmutations | 3 4 6 7 9 |  9.1
Spellcasting   | 3 4 5 7 8 9 11 12 14 | 14.5
Ice Magic      | 2 4 5 |  5.0
Fighting       | 2 5 7 11 13 14 | 14.6
Air Magic      | 7 13 14 | 14.2
Dodging        | 8 11 | 11.6

Action                   |  1- 3 |  4- 6 |  7- 9 | 10-12 | 13-15 | 16-18 || total
-------------------------+-------+-------+-------+-------+-------+-------++-------
Melee: Unarmed           |    84 |    60 |   213 |   585 |   673 |   245 ||  1860
       Constrict         |    12 |     4 |     6 |       |     2 |       ||    24
       Tentacles         |    13 |     3 |     7 |       |     1 |       ||    24
       Kick              |     8 |       |       |       |     1 |       ||     9
       Punch             |     5 |       |     1 |       |    43 |    27 ||    76
 Cast: Beastly Appendage |    10 |       |     1 |       |     2 |       ||    13
       Spider Form       |     3 |     7 |    10 |     5 |       |       ||    25
       Ice Form          |       |       |    12 |    59 |    24 |       ||    95
       Wereblood         |       |       |     1 |     7 |    18 |     6 ||    32
       Storm Form        |       |       |       |       |    41 |    30 ||    71
       Manifold Assault  |       |       |       |       |       |     2 ||     2
Invok: Curse Item        |       |       |     1 |     3 |     2 |       ||     6
       Shatter the Chain |       |       |       |       |     1 |       ||     1
 Abil: End Transformatio |       |       |     1 |       |       |       ||     1
       Blinkbolt         |       |       |       |       |     2 |     9 ||    11
Evoke: Wand              |       |       |     2 |     2 |     2 |       ||     6
  Use: Scroll            |     6 |     4 |     5 |     3 |     4 |     2 ||    24
       Potion            |     1 |     2 |    10 |     7 |     2 |     4 ||    26
 Stab: Sleeping          |     1 |       |     1 |     1 |       |       ||     3
Armor: Skin              |    14 |     6 |   104 |   217 |   285 |   126 ||   752
Dodge: Dodged            |    71 |    65 |   163 |   286 |   544 |   408 ||  1537

Levels and vault maps discovered:
D:1:      matt_arrival_spirals, layout_rooms,
          hellmonk_ecumenical_altar_prayer_group
D:2:      layout_basic, serial_bayou_ford_a
D:3:      layout_basic, minmay_fractal_squares_5
D:4:      layout_cave_pods, mainiacjoe_overflow_small_starburst, uniq_grinder
D:5:      kennysheep_big_flooded_room, layout_loops_ring,
          nemelex_dance_club_becter, temple_doors_ab, minmay_shop_grid_forest,
          uniq_sigmund, uniq_blork_the_orc
D:6:      layout_gridville, nicolae_dithmenos_shadow_blocks,
          kennysheep_slug_shrine, nicolae_alphabet_shops, uniq_prince_ribbit1
D:7:      layout_gridville, nicolae_elevator_lobby_plus, uniq_pikel, uniq_maggie
D:8:      layout_basic, good_gods_mini_temple, nzn_wu_jian_council_hall,
          lemuel_tele_altar, mainiacjoe_overflow_alcove_3, roderic_lattice_a,
          grunt_ministairs_10, uniq_amaemon
D:9:      minmay_statue_hallways, layout_loops_corners
D:10:     layout_loops_ring, orc_0_dummy, uniq_lodul
D:11:     layout_basic, lair_entry_dummy, dk_noncrumbling_3, kennysheep_donut,
          uniq_erolcha, uniq_grum
D:12:     hangedman_cross_veins, layout_basic, biasface_ghost_orc_armoury
Temple:   nicolae_temple_cloud_nine
Lair:1:   layout_misc_corridors
Lair:2:   dpeg_oklob_gauntlet, layout_cave_pods, dummy_spider_entry,
          grunt_megastairs_4
Lair:3:   layout_big_grid, palyth_hydra_swamp_entry, st_stairs_4, pond,
          uniq_urug
Lair:4:   beast_lair_carwin_large_2, layout_cave_pods,
          nicolae_quartered_pool_medium
Lair:5:   evilmike_catoblepas_cave, layout_regular_city, minmay_slime_entry_eyes
Swamp:1:  layout_basic_swamp, serial_swamp_ruin, evilmike_swamp_ruin_house_1,
          evilmike_swamp_ruin_rubble_1, evilmike_swamp_ruin_house_4, uniq_nikola
Spider:1: layout_spider_delve, hangedman_spider_tarantella_strand
Spider:2: layout_spider_delve, uniq_arachne
Spider:3: layout_cave_pods, drop_trap
Spider:4: johnstein_spider_rune_arachne_lair
Orc:1:    layout_diamond_mine, basic_altar
Orc:2:    kennysheep_orc_mage_school, layout_diamond_mine, serial_shops, shop,
          nicolae_shop_advertising_works [nicolae_subvault_shop_adworks], shop,
          uniq_rupert

Notes
Turn   | Place    | Note
-------+----------+-------------------------------------------
     0 | D:1      | ytrimaz the Octopode Transmuter began the quest for the
                  | Orb.
     0 | D:1      | Reached XP level 1. HP: 13/13 MP: 3/3
     0 | D:1      | magus.rc [v1.9.6]
   294 | D:1      | Reached XP level 2. HP: 18/18 MP: 1/5
   334 | D:1      | You pick up a book of Callings and begin reading...
   334 | D:1      | You add the spells Summon Small Mammal, Call Canine
                  | Familiar and Summon Guardian Golem to your library.
   816 | D:1      | Reached skill level 4 in Unarmed Combat
   916 | D:1      | You add the spells Ignite Poison, Mephitic Cloud and
                  | Freezing Cloud to your library.
   980 | D:1      | Reached XP level 3. HP: 16/23 MP: 6/6
  1090 | D:1      | Found a faded altar of an unknown god.
  1211 | D:1      | Learned a level 2 spell: Wereblood
  1215 | D:1      | Learned a level 3 spell: Spider Form
  2120 | D:3      | Reached skill level 1 in Poison Magic
  2578 | D:3      | Reached XP level 4. HP: 28/28 MP: 4/7
  3581 | D:4      | Reached skill level 2 in Poison Magic
  3661 | D:4      | Found a burning altar of Makhleb.
  3826 | D:4      | Reached XP level 5. HP: 15/33 MP: 3/8
  3840 | D:4      | HP: 4/33 [gnoll/+0 flail (9)]
  3843 | D:4      | Reached skill level 3 in Poison Magic
  4122 | D:4      | Noticed a centaur
  4137 | D:4      | Killed a centaur
  4138 | D:4      | Reached skill level 3 in Transmutations
  4138 | D:4      | Reached XP level 6. HP: 19/38 MP: 3/10
  4139 | D:4      | HP: 6/38 [orc priest/+0 mace (7)]
  4141 | D:4      | Reached skill level 3 in Spellcasting
  4141 | D:4      | Reached skill level 4 in Poison Magic
  4158 | D:4      | Learned a level 4 spell: Ice Form
  4511 | D:4      | Noticed Grinder
  4519 | D:4      | Paralysed by Grinder for 4 turns
  4530 | D:4      | Paralysed by Grinder for 4 turns
  4535 | D:4      | Killed Grinder
  4536 | D:4      | Reached skill level 4 in Transmutations
  4536 | D:4      | Reached skill level 2 in Ice Magic
  4536 | D:4      | Reached XP level 7. HP: 12/43 MP: 3/12
  5339 | D:5      | Entered Level 5 of the Dungeon
  5355 | D:5      | Reached skill level 4 in Spellcasting
  5355 | D:5      | Reached skill level 3 in Ice Magic
  5608 | D:5      | HP: 8/43 [orc warrior/+0 flail (12)]
  5614 | D:5      | Gained mutation: You are robust. (+10% HP) [potion of
                  | mutation]
  5614 | D:5      | Gained mutation: Your spells are a little harder to cast,
                  | but a little more powerful. [potion of mutation]
  5614 | D:5      | Gained mutation: You are very robust. (+20% HP) [potion of
                  | mutation]
  5614 | D:5      | Gained mutation: You are extremely robust. (+30% HP)
                  | [potion of mutation]
  5674 | D:5      | Noticed Blork the orc
  5684 | D:5      | Killed Blork the orc
  5685 | D:5      | Reached skill level 4 in Ice Magic
  5685 | D:5      | Reached XP level 8. HP: 21/62 MP: 5/14
  5892 | D:5      | Noticed Sigmund
  6085 | D:5      | Found Diegown's General Store.
  6088 | D:5      | Found Todgh's Antique Weapon Boutique.
  6090 | D:5      | Found Oziurhade's General Store.
  6091 | D:5      | Found Cunir's General Store.
  6108 | D:5      | Bought a potion of heal wounds for 55 gold pieces
  6108 | D:5      | Bought a potion of curing for 33 gold pieces
  6180 | D:5      | You pick up a book of Changes and begin reading...
  6232 | D:5      | Killed Sigmund
  6233 | D:5      | Reached skill level 5 in Transmutations
  6233 | D:5      | Reached skill level 5 in Ice Magic
  6324 | D:5      | Reached skill level 5 in Spellcasting
  6451 | D:5      | Found a sparkling altar of Nemelex Xobeh.
  6535 | D:5      | Found a staircase to the Ecumenical Temple.
  6540 | Temple   | Entered the Ecumenical Temple
  6588 | Temple   | Became a worshipper of Ashenzari the Shackled
  6895 | D:6      | Noticed Prince Ribbit
  6913 | D:6      | Killed Prince Ribbit
  6914 | D:6      | Reached skill level 2 in Fighting
  7191 | D:6      | Found a snail-covered altar of Cheibriados.
  7303 | D:6      | Found a shadowy altar of Dithmenos.
  7434 | D:6      | Reached skill level 6 in Transmutations
  7434 | D:6      | Reached XP level 9. HP: 62/71 MP: 10/17
  7440 | D:6      | Reached skill level 3 in Fighting
  7440 | D:6      | Reached skill level 6 in Spellcasting
  7440 | D:6      | Found Aietearr's Alliterative Accessories.
  7580 | D:7      | Noticed Pikel
  7595 | D:7      | Killed Pikel
  7596 | D:7      | Reached skill level 4 in Fighting
  7823 | D:7      | HP: 22/90 [something (2)]
  7833 | D:7      | HP: 11/90 [something (4)]
  7839 | D:7      | HP: 22/90 [something (2)]
  7843 | D:7      | HP: 9/90 [something (6)]
  8278 | D:7      | Killed an unseen horror
  8279 | D:7      | Reached skill level 7 in Transmutations
  8571 | D:7      | Noticed Maggie
  8971 | D:7      | Reached skill level 5 in Fighting
  8971 | D:7      | Reached skill level 7 in Spellcasting
  9468 | D:8      | Reached XP level 10. HP: 72/85 MP: 10/20
  9614 | D:8      | Found a radiant altar of Vehumet.
  9614 | D:8      | Found a sacrificial altar of Ru.
  9616 | D:8      | Found a hide-covered altar of Uskayaw.
  9616 | D:8      | Found a stormy altar of Qazlal.
  9687 | D:8      | Reached * piety under Ashenzari
  9691 | D:8      | Found a glowing silver altar of Zin.
  9697 | D:8      | Found a white marble altar of Elyvilon.
  9776 | D:8      | Found a glowing golden altar of the Shining One.
  9839 | D:8      | Reached skill level 8 in Transmutations
 10057 | D:8      | Reached skill level 6 in Fighting
 10531 | D:8      | Found an ornate altar of the Wu Jian Council.
 10685 | D:8      | Noticed an orange demon
 10686 | D:8      | Noticed Amaemon
 10705 | D:8      | Killed an orange demon
 10790 | D:8      | Found a shimmering blue altar of Sif Muna.
 10837 | D:8      | Noticed a manticore
 10850 | D:8      | HP: 24/110 [manticore (5)]
 10851 | D:8      | HP: 10/110 [manticore (17)]
 10852 | D:8      | Killed a manticore
 11428 | D:9      | Reached skill level 8 in Spellcasting
 11629 | D:9      | HP: 25/111 [gnoll sergeant/+1 trident of venom (8)]
 11647 | D:9      | Reached skill level 7 in Fighting
 12026 | D:9      | Noticed a kobold demonologist
 12028 | D:9      | Noticed a kobold demonologist
 12052 | D:9      | Killed a kobold demonologist
 12053 | D:9      | Reached skill level 9 in Transmutations
 12058 | D:9      | Killed a kobold demonologist
 12428 | D:9      | Reached XP level 11. HP: 85/101 MP: 17/24
 12456 | D:9      | Reached skill level 8 in Fighting
 12456 | D:9      | Reached skill level 9 in Spellcasting
 12726 | D:9      | Identified the +0 pair of gloves "Reyl" {rC++ Dex-2}
 13168 | D:10     | Entered Level 10 of the Dungeon
 13168 | D:10     | Noticed a two-headed ogre
 13202 | D:10     | Killed a two-headed ogre
 13667 | D:10     | Reached skill level 9 in Fighting
 13682 | D:10     | Noticed Lodul
 13705 | D:10     | Killed Lodul
 13712 | D:10     | Reached skill level 10 in Fighting
 13720 | D:10     | HP: 22/128 [ogre/+0 giant club[Lodul] (22)]
 14575 | D:10     | Noticed a two-headed ogre
 14583 | D:10     | Killed a two-headed ogre
 14584 | D:10     | Reached skill level 5 in Unarmed Combat
 14802 | D:10     | Found a staircase to the Orcish Mines.
 15244 | D:11     | Found a staircase to the Lair.
 15249 | D:11     | You pick up a book of Frost and begin reading...
 15249 | D:11     | You add the spells Freeze, Frozen Ramparts and Hailstorm to
                  | your library.
 15258 | D:11     | You pick up a book of Iron and begin reading...
 15258 | D:11     | You add the spells Blade Hands and Iron Shot to your
                  | library.
 15460 | D:11     | Noticed a cyclops
 15490 | D:11     | Killed a cyclops
 15511 | D:11     | Noticed a two-headed ogre
 15649 | D:11     | Noticed Grum
 15673 | D:11     | Killed Grum
 15674 | D:11     | Reached skill level 11 in Fighting
 15685 | D:11     | HP: 31/132 [wolf[Grum] (5)]
 15967 | D:11     | Killed a two-headed ogre
 15968 | D:11     | Reached skill level 6 in Unarmed Combat
 15968 | D:11     | Reached XP level 12. HP: 93/118 MP: 17/26
 16422 | D:11     | Noticed Erolcha
 17012 | D:12     | Noticed an eight-headed hydra
 17068 | Lair:1   | Entered Level 1 of the Lair of Beasts
 17076 | Lair:1   | Reached skill level 7 in Unarmed Combat
 17610 | Lair:1   | You pick up a book of Debilitation and begin reading...
 17610 | Lair:1   | You add the spells Slow, Vampiric Draining and Confusing
                  | Touch to your library.
 17783 | Lair:1   | Reached skill level 12 in Fighting
 17987 | Lair:1   | Reached skill level 8 in Unarmed Combat
 18067 | Lair:1   | You pick up a book of Dangerous Friends and begin
                  | reading...
 18067 | Lair:1   | You add the spells Orb of Destruction and Spellforged
                  | Servitor to your library.
 18306 | Lair:1   | Noticed a boulder beetle
 18327 | Lair:1   | Killed a boulder beetle
 18694 | Lair:2   | Reached ** piety under Ashenzari
 18831 | Lair:2   | Noticed a six-headed hydra
 18932 | Lair:2   | Noticed a boulder beetle
 18949 | Lair:2   | Killed a boulder beetle
 19291 | Lair:2   | Found a hole to the Spider Nest.
 19333 | Lair:2   | HP: 55/226 [wolf (8)]
 19339 | Lair:2   | HP: 46/226 [wolf (8)]
 19974 | Lair:2   | Noticed a boulder beetle
 19990 | Lair:2   | Killed a boulder beetle
 19991 | Lair:2   | Reached skill level 9 in Unarmed Combat
 20693 | Lair:3   | Reached skill level 13 in Fighting
 20784 | Lair:3   | Noticed an eight-headed hydra
 20798 | Lair:3   | Killed an eight-headed hydra
 20799 | Lair:3   | Reached XP level 13. HP: 91/133 MP: 13/28
 21232 | Lair:3   | Found a staircase to the Swamp.
 21338 | Lair:3   | Reached skill level 10 in Unarmed Combat
 21347 | Lair:3   | HP: 39/162 [eight-headed hydra (7)]
 21354 | Lair:3   | HP: 29/162 [poisoned by a swamp drake (noxious blast)]
 22654 | Lair:3   | Reached skill level 14 in Fighting
 22888 | Lair:3   | Noticed Urug
 22894 | Lair:3   | Reached skill level 11 in Unarmed Combat
 22901 | Lair:3   | HP: 35/163 [Urug/+2 demon trident of electrocution (12)]
 22907 | Lair:3   | HP: 35/163 [Urug/+2 demon trident of electrocution (8)]
 22910 | Lair:3   | Killed Urug
 24028 | Lair:4   | You add the spells Blink, Manifold Assault and Storm Form
                  | to your library.
 24037 | Lair:4   | Learned a level 7 spell: Storm Form
 24243 | D:6      | Bought a manual of Air Magic for 880 gold pieces
 24397 | Lair:2   | Reached skill level 2 in Air Magic
 24584 | Lair:4   | Reached skill level 3 in Air Magic
 24775 | Lair:4   | Identified the ring of Piopaiso {Wiz rC++}
 24786 | Lair:4   | Reached *** piety under Ashenzari
 24834 | Lair:4   | Reached skill level 4 in Air Magic
 24955 | Lair:4   | Gained mutation: Your mind is acute. (Int +4, Str/Dex -1)
                  | [mutagenic glow]
 25070 | Lair:4   | Identified the +3 flail of Breach {flame, rElec rF+}
 25110 | Lair:4   | Reached skill level 5 in Air Magic
 25266 | Lair:4   | Reached skill level 6 in Air Magic
 25831 | Lair:5   | Entered Level 5 of the Lair of Beasts
 25857 | Lair:5   | Reached skill level 7 in Air Magic
 25858 | Lair:5   | Reached XP level 14. HP: 50/146 MP: 1/29
 26121 | Lair:5   | Reached skill level 8 in Air Magic
 26206 | Lair:5   | Reached skill level 9 in Air Magic
 26210 | Lair:5   | Identified the +4 halberd of Linearity {freeze, +Blink rC++
                  | Str+3}
 26229 | Lair:5   | Reached skill level 10 in Air Magic
 26262 | Lair:5   | Reached skill level 11 in Air Magic
 26298 | Lair:5   | Reached skill level 12 in Air Magic
 26532 | Lair:5   | Reached skill level 13 in Air Magic
 27228 | Lair:5   | You pick up a book of Transfigurations {@e2} and begin
                  | reading...
 27228 | Lair:5   | You add the spells Irradiate and Dragon Form to your
                  | library.
 27295 | Lair:5   | Reached skill level 10 in Spellcasting
 27700 | Lair:5   | Reached skill level 11 in Spellcasting
 27827 | Lair:5   | Found a staircase to the Slime Pits.
 28125 | Orc:1    | Entered Level 1 of the Orcish Mines
 28278 | Orc:1    | Reached XP level 15. HP: 151/154 MP: 22/32
 28296 | Orc:1    | Noticed an orc warlord
 28305 | Orc:1    | Killed an orc warlord
 28306 | Orc:1    | Reached skill level 3 in Dodging
 28449 | Orc:1    | Learned a level 7 spell: Dragon Form
 28465 | Orc:1    | Found a burning altar of Makhleb.
 28485 | Orc:1    | Learned a level 5 spell: Manifold Assault
 28491 | Orc:1    | Learned a level 5 spell: Irradiate
 29126 | Orc:2    | Entered Level 2 of the Orcish Mines
 29158 | Orc:2    | Found Tyoteod's Weapon Shoppe.
 29174 | Orc:2    | Found Dedyngek's Armour Shop.
 29276 | Orc:2    | Found Geejy's Distillery.
 29532 | Orc:2    | Paralysed by an orc sorcerer for 2 turns
 29542 | Orc:2    | Noticed Rupert
 29553 | Orc:2    | Killed Rupert
 29554 | Orc:2    | Reached skill level 4 in Dodging
 29556 | Orc:2    | Found a staircase to the Elven Halls.
 29670 | Orc:2    | Paralysed by an orc sorcerer for 5 turns
 29719 | Orc:2    | Paralysed by an orc sorcerer for 3 turns
 29742 | Orc:2    | Noticed Nergalle
 29743 | Orc:2    | Found an ancient bone altar of Kikubaaqudgha.
 29749 | Orc:2    | Killed Nergalle
 29750 | Orc:2    | Reached skill level 5 in Dodging
 29759 | Orc:2    | Found Koonwyon's Antique Weapon Shop.
 29770 | Orc:2    | Found a radiant altar of Vehumet.
 29791 | Orc:2    | Found Utih's Jewellery Shop.
 29886 | Orc:2    | Found Voekim's Antique Weapon Boutique.
 30013 | Orc:2    | Found Uddu's Distillery.
 30112 | Orc:2    | Bought an amulet of regeneration for 420 gold pieces
 30339 | Spider:1 | Entered Level 1 of the Spider Nest
 30493 | Spider:1 | Reached skill level 12 in Spellcasting
 30579 | Spider:1 | Reached skill level 6 in Dodging
 30955 | Spider:1 | Noticed a ghost moth
 30962 | Spider:1 | Killed a ghost moth
 31422 | Spider:2 | Reached skill level 7 in Dodging
 31451 | Spider:2 | Noticed an emperor scorpion
 31463 | Spider:2 | Killed an emperor scorpion
 31467 | Spider:2 | You add the spells Gell's Gravitas, Teleport Other and
                  | Dispersal to your library.
 31557 | Spider:2 | Noticed Arachne
 31583 | Spider:2 | Killed Arachne
 31584 | Spider:2 | Reached skill level 8 in Dodging
 31584 | Spider:2 | Reached skill level 14 in Air Magic
 31639 | Spider:2 | Reached XP level 16. HP: 120/159 MP: 27/33
 32171 | Spider:3 | Reached skill level 13 in Spellcasting
 32396 | Spider:3 | Reached skill level 9 in Dodging
 33123 | Spider:4 | Entered Level 4 of the Spider Nest
 33213 | Spider:4 | HP: 38/159 [disintegration (50)]
 33215 | Spider:4 | HP: 16/159 [tarantella (13)]
 33652 | Spider:4 | Reached skill level 10 in Dodging
 34016 | Spider:4 | Reached skill level 14 in Spellcasting
 34273 | Spider:4 | Reached skill level 11 in Dodging
 35015 | Spider:4 | Got a gossamer rune of Zot
 35305 | Swamp:1  | Entered Level 1 of the Swamp
 35450 | Swamp:1  | Reached XP level 17. HP: 158/166 MP: 36/36
 35539 | Swamp:1  | Noticed Nikola
 35549 | Swamp:1  | HP: 27/166 [Nikola/arc of chain lightning (43)]
 35551 | Swamp:1  | Killed from afar by Nikola

Vanquished Creatures
  Arachne (Spider:2)
  Rupert (Orc:2)
  6 emperor scorpions
  6 ghost moths
  An orc warlord (Orc:1)
  3 entropy weavers
  A bunyip (Swamp:1)
  A spark wasp (Spider:1)
  An ettin (Orc:1)
  3 boulder beetles
  2 ogre magi (Orc:2)
  11 hydras
  3 catoblepae (Lair:5)
  5 jorogumos
  3 two-headed ogres
  A radroach (Spider:1)
  Urug (Lair:3)
  12 death yaks (Lair:5)
  Nergalle (Orc:2)
  Lodul (D:10)
  2 sun moths (Spider:4)
  A goliath frog (Swamp:1)
  3 pharaoh ants
  4 steelbarb worms
  2 swamp dragons (Swamp:1)
  12 orb spiders
  Pikel (D:7)
  10 wolf spiders
  9 orc sorcerers
  2 cyclopes
  3 manticores
  8 elephants (Lair:3)
  6 moths of wrath
  10 black mambas
  3 torpor snails
  6 cane toads
  An ice statue (D:9)
  An orange demon (D:8)
  A gargoyle (D:11)
  An eye of devastation (Lair:5)
  7 demonic crawlers
  2 rime drakes
  An unseen horror (D:7)
  12 komodo dragons
  2 kobold demonologists (D:9)
  An efreet (D:11)
  3 trolls
  2 polar bears
  Grinder (D:4)
  2 tyrant leeches (Swamp:1)
  A hornet (D:9)
  Prince Ribbit (D:6)
  16 blink frogs
  27 tarantellas
  13 jumping spiders
  13 culicivoras
  Sigmund (D:5)
  A shadow (D:11)
  4 wyverns
  A wraith (D:9)
  73 yaks
  Grum (D:11)
  52 redbacks
  5 basilisks
  2 steam dragons
  3 vampire mosquitoes (Lair:3)
  4 swamp worms
  3 wargs
  An acid dragon (D:11)
  A floating eye (Lair:5)
  18 water moccasins
  2 swamp drakes (Lair:3)
  11 orc warriors
  2 black bears
  An ice beast (D:6)
  A sky beast (D:8)
  16 ogres
  3 centaurs
  9 wolves
  A lemure (D:7)
  Blork the orc (D:5)
  5 kobold brigands
  2 gnoll sergeants (D:9)
  8 bullfrogs
  2 necrophages
  3 scorpions
  3 wights (D:7)
  A killer bee (D:5)
  4 howler monkeys
  3 hounds
  10 orc priests
  2 iguanas
  29 orc wizards
  16 gnolls
  4 adders
  A shadow imp (D:6)
  2 dart slugs
  46 orcs
  3 bats
  5 endoplasms
  3 giant cockroaches
  8 goblins
  2 hobgoblins (D:1)
  4 jackals
  24 kobolds
  8 quokkas
  8 ball pythons
  5 frilled lizards
  4 rats
686 creatures vanquished.

Vanquished Creatures (others)
  A pharaoh ant (Spider:2)
  A swamp worm (Swamp:1)
  A bush (Lair:5)
  38 fungi
  41 plants
82 creatures vanquished.

Grand Total: 768 creatures vanquished

Table legend:
 A = Non-vault XP
 B = Vault XP
 C = Vault XP percentage of total XP
 D = Non-vault monster count
 E = Vault monster count
 F = Vault count percentage of total count
                 A         B        C        D         E       F
            +---------+---------+-------+---------+---------+-------
      Total |  121496 |   60617 |  33.3 |     519 |     167 |  24.3
            +---------+---------+-------+---------+---------+-------
        D:1 |      36 |       2 |   5.3 |      22 |       1 |   4.3
        D:2 |       4 |       0 |   0.0 |       3 |       0 |   0.0
        D:3 |      31 |      22 |  41.5 |      18 |       5 |  21.7
        D:4 |     446 |     295 |  39.8 |      23 |       1 |   4.2
        D:5 |     362 |     644 |  64.0 |       7 |       6 |  46.2
        D:6 |     511 |     287 |  36.0 |       8 |       2 |  20.0
        D:7 |    1121 |     663 |  37.2 |      20 |       1 |   4.8
        D:8 |    1738 |     609 |  25.9 |      14 |       9 |  39.1
        D:9 |    3744 |     418 |  10.0 |      43 |       1 |   2.3
       D:10 |    3544 |    1482 |  29.5 |      11 |       7 |  38.9
       D:11 |    4241 |     551 |  11.5 |      14 |       4 |  22.2
     Lair:1 |    5132 |       0 |   0.0 |      18 |       0 |   0.0
     Lair:2 |    5557 |       0 |   0.0 |      19 |       0 |   0.0
     Lair:3 |    6837 |    6293 |  47.9 |      20 |      17 |  45.9
     Lair:4 |    6323 |    1917 |  23.3 |      23 |       7 |  23.3
     Lair:5 |   22314 |   10913 |  32.8 |      61 |      25 |  29.1
    Swamp:1 |    3911 |       0 |   0.0 |       7 |       0 |   0.0
   Spider:1 |   10784 |     277 |   2.5 |      28 |       1 |   3.4
   Spider:2 |   17488 |    2136 |  10.9 |      48 |       1 |   2.0
   Spider:3 |    8057 |       0 |   0.0 |      19 |       0 |   0.0
   Spider:4 |   12584 |   24905 |  66.4 |      34 |      44 |  56.4
      Orc:1 |    4170 |       0 |   0.0 |      38 |       0 |   0.0
      Orc:2 |    2561 |    9203 |  78.2 |      21 |      35 |  62.5
            +---------+---------+-------+---------+---------+-------

Illustrated notes

Table legend:
 A = Kills in this place as a percentage of kills in entire the game.
 B = Kills by you in this place as a percentage of kills by you in the entire game.
 C = Kills by friends in this place as a percentage of kills by friends in the entire game.
 D = Other kills in this place as a percentage of other kills in the entire game.
 E = Experience gained in this place as a percentage of experience gained in the entire game.
 F = Experience gained in this place divided by the number of levels of this place that you have seen.
                   A       B       C       D       E      F
               +-------+-------+-------+-------+-------+----------------------
         Total | 100.0 | 100.0 |   N/A | 100.0 | 100.0 | 7284.5
       Dungeon |  32.1 |  32.1 |   N/A |   0.0 |  11.4 | 1729.2
          Lair |  27.7 |  27.7 |   N/A |   0.0 |  35.8 | 13057.2
         Swamp |   1.0 |   1.0 |   N/A |   0.0 |   2.1 | 3911.0
   Spider Nest |  25.5 |  25.4 |   N/A | 100.0 |  41.9 | 19057.8
  Orcish Mines |  13.7 |  13.7 |   N/A |   0.0 |   8.7 | 7967.0
               +-------+-------+-------+-------+-------+----------------------

Table legend: (Time is in decaauts)
 A = Elapsed time spent in this place.
 B = Non-inter-level travel time spent in this place.
 C = Inter-level travel time spent in this place.
 D = Time resting spent in this place.
 E = Time spent auto-exploring this place.
 F = Levels seen in this place.
 G = Mean time per level.
                   A        B        C        D        E       F      G
               +--------+--------+--------+--------+--------+-----+--------+
         Total |  35282 |  33481 |   1801 |   3167 |  25750 |  25 | 1411.3 |
       Dungeon |  17718 |  16630 |   1088 |   2023 |  12577 |  12 | 1476.5 |
        Temple |     55 |     43 |     12 |      0 |     41 |   1 |   55.0 |
          Lair |  10749 |  10353 |    396 |    799 |   8276 |   5 | 2149.8 |
         Swamp |    239 |    239 |      0 |      0 |    190 |   1 |  239.0 |
   Spider Nest |   4829 |   4655 |    174 |    344 |   3521 |   4 | 1207.2 |
  Orcish Mines |   1690 |   1560 |    130 |      0 |   1145 |   2 |  845.0 |
               +--------+--------+--------+--------+--------+-----+--------+

Top non-repeatable levels by time:
  Lair:2: 2662 daAuts
  Lair:3: 2503 daAuts
     D:9: 2237 daAuts
  Lair:5: 2149 daAuts
     D:8: 2049 daAuts
    D:11: 2047 daAuts
     D:7: 1920 daAuts
     D:4: 1849 daAuts
Spider:4: 1816 daAuts
  Lair:4: 1787 daAuts
     D:3: 1739 daAuts
    D:10: 1653 daAuts
  Lair:1: 1646 daAuts
     D:5: 1448 daAuts
Spider:3: 1229 daAuts
